 Dungeon Crawl Stone Soup version 0.28-a0-1152-g9c71ebef14 (webtiles) character file.

Game seed: 4618037589873948422

240 ytrimaz the Insei (level 6, -1/39 HPs)
             Began as an Octopode Transmuter on Dec 13, 2021.
             Slain by an iguana (12 damage)
             ... on level 4 of the Dungeon on Dec 14, 2021.
             The game lasted 00:02:26 (3375 turns).

ytrimaz the Insei (Octopode Transmuter)             Turns: 3375, Time: 00:02:27

Health: -1/39      AC:  2    Str:  9      XL:     6   Next: 8%
Magic:  8/10       EV: 20    Int: 16 (18) God:
Gold:   160        SH:  0    Dex: 17      Spells: 5/11 levels left

rFire   . . .      SeeInvis +     - Unarmed
rCold   . . .      Faith    .   (shield currently unavailable)
rNeg    . . .      Spirit   .   (helmet currently unavailable)
rPois   x          Reflect  .   (no amulet)
rElec   .          Harm     .   (no ring)
rCorr   .          Rampage  .   (no ring)
Will    .....                   (no ring)
Stlth   ++........              (no ring)
HPRegen 0.13/turn               (no ring)
MPRegen 0.12/turn               (no ring)
                                (no ring)
                                (no ring)

@: spider-form (expiring)
A: venomous fangs, almost no armour, (amphibious), 8 rings, tiny, (camouflage
1), (gelatinous body 1), (nimble swimmer 1), (tentacles), see invisible,
MP-powered wands
a: End Transformation


You were on level 4 of the Dungeon.
You were a venomous arachnid creature.
You visited 1 branch of the dungeon, and saw 4 of its levels.

You collected 160 gold pieces.

Inventory:

Potions
 b - a potion of curing
 c - 2 potions of resistance {unknown}


   Skills:
 * Level 2.1 Fighting
 * Level 2.8 Dodging
 + Level 4.2 Unarmed Combat
 * Level 3.2 Spellcasting
 * Level 3.2 Transmutations
 * Level 0.6 Poison Magic


You had 5 spell levels left.
You knew the following spells:

 Your Spells              Type           Power      Damage    Failure   Level
a - Beastly Appendage     Tmut           24%        N/A       14%         1
b - Wereblood             Tmut           12%        N/A       21%         2
c - Spider Form           Tmut/Pois      8%         N/A       47%         3

Your spell library contained the following spells:

 Spells                   Type           Power      Damage    Failure   Level
 Poisonous Vapours        Pois/Air       6%         N/A       45%         2
 Corpse Rot               Necr/Air       4%         N/A       50%         2
 Ice Form                 Ice/Tmut       7%         N/A       85%         4


Dungeon Overview and Level Annotations

Branches:
Dungeon (3/15)

Altars:


Innate Abilities, Weirdness & Mutations

You are a venomous arachnid creature.
You have poisonous fangs.
You are tiny and dextrous.
Your spellcasting is less reliable in this form.
Your armour is entirely melded.
You are incapable of wielding weapons or throwing items.
You cannot wear most types of armour.
((You are amphibious.))
You can wear up to eight rings at the same time.
((Your skin changes colour to match your surroundings (Stealth+).))
((Your rubbery body absorbs attacks. (AC +1, EV +1)))
((You are camouflaged near water. (Stealth+)))
((You have tentacles for arms and can constrict up to eight enemies at once.))
You have supernaturally acute eyesight. (SInv)
You expend magic power (3 MP) to strengthen your wands.


Message History

The spell is quite dangerous to miscast (26% risk of failure)!
Continue anyway? [Y]es or [N]o only, please.
The spell is quite dangerous to miscast (26% risk of failure)!
Continue anyway?
You turn into a venomous arachnid creature.
Found 10 poisoned darts.
The iguana hisses angrily.
The iguana bites you! The endoplasm freezes you.
You are frozen.
You barely miss the iguana. The iguana closely misses you.
The endoplasm freezes you.
You are frozen.
You bite the iguana!
The iguana is heavily wounded.
The iguana hisses menacingly.
The iguana bites you. The endoplasm freezes you.
You are frozen.
You are too injured to fight recklessly!
You are too injured to fight recklessly!
You are too injured to fight recklessly!
You are too injured to fight recklessly!
The endoplasm misses you.
You hit the iguana.
The iguana is poisoned.
The iguana is heavily wounded.
The iguana misses you.
You hit the iguana.
The iguana is severely wounded.
Your transformation is almost over.
The endoplasm closely misses you.
You hit the iguana but do no damage.
The iguana is severely wounded.
The iguana barely misses you. The endoplasm freezes you.
You are frozen.
* * * LOW HITPOINT WARNING * * *
You hit the iguana but do no damage.
The iguana looks as sick as possible!
The iguana is severely wounded.
The iguana bites you!
You die...

################
#..............#
#..............##+######
#.....................(.
#...............s.......
####....######..lJ......
#..††# #..........
#....# #..........
#....# #..(.......
###### #..........
###########


You could see an iguana (extremely poisoned) and an endoplasm.

Vanquished Creatures
  An ogre (D:3)
  Jessica (D:2)
  Terence (D:3)
  An orc wizard (D:3)
  2 adders
  A worm (D:2)
  A dart slug (D:3)
  4 orcs (D:3)
  5 ball pythons
  8 endoplasms
  2 giant cockroaches
  3 goblins
  7 hobgoblins
  4 kobolds
  3 quokkas
  3 bats
  3 frilled lizards
  2 rats (D:1)
52 creatures vanquished.

Vanquished Creatures (others)
  2 plants (D:3)
2 creatures vanquished.

Grand Total: 54 creatures vanquished

Notes
Turn   | Place    | Note
-------+----------+-------------------------------------------
     0 | D:1      | ytrimaz the Octopode Transmuter began the quest for the
                  | Orb.
     0 | D:1      | Reached XP level 1. HP: 13/13 MP: 3/3
   531 | D:1      | Reached XP level 2. HP: 18/18 MP: 5/5
   685 | D:1      | Learned a level 2 spell: Wereblood
   991 | D:1      | Found a faded altar of an unknown god.
  1111 | D:2      | Reached XP level 3. HP: 20/23 MP: 6/6
  1115 | D:2      | Learned a level 3 spell: Spider Form
  1806 | D:2      | Noticed Jessica
  1811 | D:2      | Killed Jessica
  1812 | D:2      | Reached XP level 4. HP: 19/28 MP: 3/7
  1932 | D:2      | Gained mutation: You have supernaturally acute eyesight.
                  | (SInv) [potion of mutation]
  1932 | D:2      | Gained mutation: You expend magic power (3 MP) to
                  | strengthen your wands. [potion of mutation]
  2630 | D:3      | Noticed an ogre
  2633 | D:3      | Noticed Terence
  2648 | D:3      | Killed an ogre
  2649 | D:3      | Reached skill level 4 in Unarmed Combat
  2649 | D:3      | Reached XP level 5. HP: 21/34 MP: 3/9
  2649 | D:3      | Upgraded the game from 0.28-a0-1143-gcf6077d4cc to
                  | 0.28-a0-1152-g9c71ebef14
  2779 | D:3      | Killed Terence
  2958 | D:3      | Reached XP level 6. HP: 39/39 MP: 8/10
  3229 | D:3      | You fall into a shaft and drop 1 floor!
  3375 | D:4      | Slain by an iguana

Illustrated notes

Levels and vault maps discovered:
D:1:      dpeg_arrival_houses_and_road, layout_basic, serial_glass,
          glass_columns_b, glass_columns_b,
          hellmonk_ecumenical_altar_heavens_door, kennysheep_crisscross,
          minmay_pentomino_z2
D:2:      layout_loops_corners, minmay_misc_feat_more_columns,
          nicolae_elevator_lobby_asterisk, uniq_jessica
D:3:      layout_rooms, serial_forest, infiniplex_forest_straight_3,
          infiniplex_forest_pool, infiniplex_forest_straight_3,
          infiniplex_forest_straight_3, infiniplex_forest_straight_4,
          infiniplex_forest_straight_5, infiniplex_forest_lined_2, uniq_terence
D:4:      layout_basic, uniq_sigmund

Skill      XL: |  1  2  3  4 |
---------------+-------------+-----
Fighting       | 2 |  2.1
Unarmed Combat | 4 |  4.2
Spellcasting   | 3 |  3.2
Transmutations | 3 |  3.2
Dodging        | |  2.8
Poison Magic   | |  0.6

Action                   |  1- 3 |  4- 6 || total
-------------------------+-------+-------++-------
Melee: Unarmed           |    50 |    77 ||   127
       Constrict         |    10 |    15 ||    25
       Kick              |     3 |     5 ||     8
       Tentacles         |     8 |     5 ||    13
 Cast: Beastly Appendage |     8 |    11 ||    19
       Spider Form       |     2 |     5 ||     7
  Use: Scroll            |     1 |     3 ||     4
       Potion            |       |     6 ||     6
 Stab: Sleeping          |     5 |     1 ||     6
Armor: Skin              |     4 |     4 ||     8
Dodge: Dodged            |    29 |    56 ||    85

Table legend: (Time is in decaauts)
 A = Elapsed time spent in this place.
 B = Non-inter-level travel time spent in this place.
 C = Inter-level travel time spent in this place.
 D = Time resting spent in this place.
 E = Time spent auto-exploring this place.
 F = Levels seen in this place.
 G = Mean time per level.
                   A        B        C        D        E       F      G
               +--------+--------+--------+--------+--------+-----+--------+
         Total |   3366 |   3320 |     46 |    208 |   2689 |   4 |  841.5 |
       Dungeon |   3366 |   3320 |     46 |    208 |   2689 |   4 |  841.5 |
               +--------+--------+--------+--------+--------+-----+--------+

Top non-repeatable levels by time:
     D:2: 1106 daAuts
     D:1: 1066 daAuts
     D:3: 1048 daAuts
     D:4: 144 daAuts
